 Dungeon Crawl Stone Soup version 0.30-a0-782-ge64f9170bb (webtiles) character file.

Game seed: 4320161214296236314

35 Crownlay the Digger (level 3, -7/19 HPs)
             Began as a Gargoyle Earth Elementalist on Mar 5, 2023.
             Mangled by an iguana (10 damage)
             ... on level 4 of the Dungeon.
             The game lasted 00:04:40 (925 turns).

Crownlay the Digger (Gargoyle Earth Elementalist)    Turns: 925, Time: 00:04:41

Health: -7/19      AC:  5    Str: 11    XL:     3   Next: 35%
Magic:  3/6        EV: 11    Int: 17    God:
Gold:   25         SH:  0    Dex: 10    Spells: 3/7 levels left

rFire   . . .      SeeInvis .    d - +1 dagger
rCold   . . .      Faith    .    (no shield)
rNeg    + . .      Spirit   .    a - +0 robe
rPois   ∞          Reflect  .    (no helmet)
rElec   +          Harm     .    (no cloak)
rCorr   .          Rampage  .    (no gloves)
Will    .....                    (no boots)
Stlth   ++                       (no amulet)
HPRegen 0.23/turn                (no ring)
MPRegen 0.10/turn                (no ring)

@: about to teleport
A: sickness immunity, AC +3, negative energy resistance 1, electricity
resistance, torment resistance 1, petrification resistance
a: no special abilities


You were on level 4 of the Dungeon.
You visited 1 branch of the dungeon, and saw 3 of its levels.

You collected 25 gold pieces.

Inventory:

Hand Weapons
 d - a +1 dagger (weapon)
Armour
 a - a +0 robe (worn)
Potions
 b - a potion of magic
 g - 2 potions of curing {unknown}


   Skills:
 - Level 1.5 Dodging
 - Level 2.1 Stealth
 + Level 2.5 Spellcasting
 - Level 0.7 Transmutations
 * Level 4.8 Earth Magic


You had 3 spell levels left.
You knew the following spells:

 Your Spells              Type           Power      Damage    Failure   Level
a - Sandblast             Erth           36%        2d10      2%          1
b - Stone Arrow           Conj/Erth      20%        3d8       21%         3

Your spell library contained the following spells:

 Spells                   Type           Power      Damage    Failure   Level
 Passwall                 Tmut/Erth      9%         N/A       9%          2
 Petrify                  Tmut/Erth      11%        N/A       52%         4


Dungeon Overview and Level Annotations

Branches:
Dungeon (4/15)             Temple (0/1) D:4

Altars:


Innate Abilities, Weirdness & Mutations

You are immune to sickness and miasma.
Your stone body is resilient. (AC +3)
You are immune to poison.
You resist negative energy. (rN+)
You are resistant to electric shocks. (rElec)
You are resistant to unholy torment.
You are immune to petrification.


Message History

You feel aware of your surroundings.
You sensed 3 altars, and 1 shop/portal.
It was a scroll of magic mapping.
Your surroundings suddenly seem different.
A kobold comes into view. It is wielding a +0 short sword.
The kobold shouts!
You hear an angry hiss.
You hear a croak.
You hear a shout!
The kobold throws a stone.
The stone closely misses you.
A bullfrog and an iguana come into view.
Found a fizzy coppery potion.
The bullfrog moves out of view.
A goblin and an orc come into view.
The goblin shouts!
The kobold throws a stone.
The stone barely misses you.
The blast of sand hits the kobold!
You kill the kobold!
The iguana hisses angrily.
The blast of sand hits the bullfrog!!
The bullfrog is severely wounded.
The orc shouts!
The bullfrog hits you.
A hobgoblin comes into view.
The bullfrog hits you.
A hobgoblin comes into view.
As you read the scroll of teleportation, it crumbles to dust.
You feel strangely unstable.
The hobgoblin shouts!
The bullfrog hits you but does no damage.
The bullfrog misses you.
Casting: Sandblast (safe; 2% risk of failure)
Confirm with . or Enter, or press ? or * to list all spells.
Aiming: Sandblast (safe; 2% risk of failure)
Press: ? - help, Shift-Dir - straight line, f/p - bullfrog
Aim: a bullfrog (severely wounded, 77% to hit)
The blast of sand misses the bullfrog.
The hobgoblin shouts!
The bullfrog hits you.
* * * LOW HITPOINT WARNING * * *
The orc throws a boomerang.
The boomerang hits you.
* * * LOW HITPOINT WARNING * * *
The iguana bites you!
Ouch! That really hurt!
You die...

*,,,,,.,***#....#,,,*+**********
*,,,,,..####....#g..#..,,,,,,,**
*,,,,,..........#......******,**
*,,,,,..........#......,,,***+**
*,,,,,..........#o.....,,,,,,,,,
*,,,,,.................,,,,,,,,,
**,,,,.........#....###****,,,,,
*,,,,..............#~~~~~*,*,,,
*,,,,..######.@....#B~∩~~+,*,,,
*,,,,,,*****#Flg.#.#~~~~~*,*<,,
*,,,,,,*,,,....)...###****,,,,,
*,,,,,,,,.............,,,,,,,,,
**,,,,,,....g..###.....,,,*,,,,,
*,,,,,,,..^....# *.....,,,,,,,,,
*,,,,,,,#......#**,....,,,,,,*,,
*,,,****#......,,*,...#*,,,,,,,,
*,,,* **,,,,,,,,,,,,,,,,**,,_,,


You could see a bullfrog, an iguana, an orc, a giant cockroach, 2 hobgoblins and
a goblin.

Vanquished Creatures
  2 dart slugs (D:1)
  3 bats (D:1)
  2 endoplasms (D:1)
  A giant cockroach (D:1)
  4 goblins (D:1)
  5 hobgoblins (D:1)
  4 ball pythons
  2 frilled lizards (D:1)
  3 kobolds
  3 rats (D:1)
29 creatures vanquished.

Notes
Turn   | Place    | Note
-------+----------+-------------------------------------------
     0 | D:1      | Crownlay the Gargoyle Earth Elementalist began the quest
                  | for the Orb.
     0 | D:1      | Reached XP level 1. HP: 10/10 MP: 3/3
    64 | D:1      | Reached skill level 4 in Earth Magic
    73 | D:1      | Reached XP level 2. HP: 14/15 MP: 0/5
   439 | D:1      | Reached XP level 3. HP: 19/19 MP: 2/6
   829 | D:1      | Learned a level 3 spell: Stone Arrow
   914 | D:2      | You fall into a shaft and drop 2 floors!
   920 | D:4      | Noticed a bullfrog
   925 | D:4      | Mangled by an iguana

Illustrated notes

Levels and vault maps discovered:
D:1:      heliophobic_arrival_henge, layout_basic
D:2:      layout_basic, grunt_decor_cap
D:4:      layout_basic, mainiacjoe_overflow_tiny_flanked, kennysheep_little_box,
          lemuel_crystal_altar, minmay_temple_entry_arrows,
          gup_sewer_entry_glass, chequers_serial_rivers_micro_e

Skill      XL: |  1 |
---------------+----+-----
Earth Magic    | 4 |  4.8
Dodging        | |  1.5
Stealth        | |  2.1
Spellcasting   | |  2.5
Transmutations | |  0.7

Action                     || total
---------------------------++-------
  Melee: Dagger            ||     9
         Unarmed           ||     1
   Cast: Sandblast         ||    39
    Use: Scroll            ||     4
 Armour: Robe              ||    12
  Dodge: Dodged            ||    19

Table legend: (Time is in decaauts)
 A = Elapsed time spent in this place.
 B = Non-inter-level travel time spent in this place.
 C = Inter-level travel time spent in this place.
 D = Time resting spent in this place.
 E = Time spent auto-exploring this place.
 F = Levels seen in this place.
 G = Mean time per level.
                   A        B        C        D        E       F      G
               +--------+--------+--------+--------+--------+-----+--------+
         Total |    943 |    909 |     34 |      0 |    749 |   3 |  314.3 |
       Dungeon |    943 |    909 |     34 |      0 |    749 |   3 |  314.3 |
               +--------+--------+--------+--------+--------+-----+--------+

Top non-repeatable levels by time:
     D:1: 880 daAuts
     D:2: 51 daAuts
     D:4: 11 daAuts
